 Dungeon Crawl Stone Soup version 0.16.1-28-gcc2312f (webtiles) character file.

105 DevDT the Skirmisher (level 4, -3/38 HPs)
             Began as a Demigod Warper on May 31, 2015.
             Slain by Duvessa
             ... wielding a +0 short sword
              (7 damage)
             ... on level 5 of the Dungeon.
             The game lasted 00:06:51 (3340 turns).

DevDT the Skirmisher (Demigod Warper)               Turns: 3340, Time: 00:06:51

Health: -3/38      AC:  3    Str: 14    XL:     4   Next: 29%
Magic:  9/9        EV: 12    Int: 19    God:
Gold:   127        SH:  0    Dex: 20    Spells: 3 memorised, 1 level left

rFire  . . .     SeeInvis .     a - +0 spear
rCold  . . .     Clarity  .     b - +0 leather armour
rNeg   . . .     SustAb   +     (no shield)
rPois  .         Gourm    .     (no helmet)
rElec  .         Spirit   .     (no cloak)
rCorr  .         Warding  .     (no gloves)
rMut   .         Stasis   .     (no boots)
MR     .....                    (no amulet)
Stlth  ++........               (no ring)
                                g - +5 ring of dexterity

@: not resistant to hostile enchantments, unstealthy
A: sustain abilities
a: no special abilities


You were on level 5 of the Dungeon.
You were near starving.

You visited 1 branch of the dungeon, and saw 5 of its levels.

You collected 127 gold pieces.

Inventory:

Hand weapons
 a - a +0 spear (weapon)
Missiles
 e - 5 tomahawks of dispersal (quivered)
Armour
 b - a +0 leather armour (worn)
Jewellery
 g - a +5 ring of dexterity (left hand)
Scrolls
 d - a scroll of blinking
 h - a scroll of amnesia {unknown}
 i - 2 scrolls of identify {unknown}
 k - a scroll of remove curse {unknown}
 n - 2 scrolls of random uselessness {unknown}
Potions
 j - 2 potions of restore abilities {unknown}
 l - a potion of invisibility {unknown}
Books
 c - a book of Spatial Translocations

   Spells                             Type                      Level
   a - Apportation                    Translocation                1
   b - Blink                          Translocation                2
   c - Shroud of Golubria             Charms/Translocation         2
   d - Portal Projectile              Translocation                3
   e - Teleport Other                 Translocation                3
   f - Passage of Golubria            Translocation                4
Comestibles
 f - a bread ration
 m - a beef jerky
 o - a meat ration


   Skills:
 + Level 3.3 Fighting
 + Level 3.0 Polearms
 - Level 0.8 Throwing
 - Level 0.8 Armour
 - Level 2.0 Dodging
 - Level 1.9 Spellcasting
 - Level 2.8 Translocations


You had one spell level left.
You knew the following spells:

 Your Spells              Type           Power        Failure   Level  Hunger
a - Apportation           Tloc           ##........   10%         1    #......
b - Blink                 Tloc           N/A          12%         2    ###....
c - Shroud of Golubria    Chrm/Tloc      #.........   21%         2    ###....


Dungeon Overview and Level Annotations

Branches:
Dungeon (5/15)
 Temple: D:4-7

Annotations:
D:2 Sigmund, Terence
D:5 Dowan, Duvessa


Innate Abilities, Weirdness & Mutations

Your attributes are resistant to harm.


Message History

Duvessa says, "Beauty is only skin deep, and my weapons penetrate much further than that."
A giant cockroach comes into view.
Duvessa hits you but does no damage.
The giant cockroach bites you but does no damage.
Duvessa hits you with a short sword!
* * * LOW HITPOINT WARNING * * *
The giant cockroach bites you.
* * * LOW HITPOINT WARNING * * *
The giant cockroach barely misses you. Dowan barely misses you.
The giant cockroach closely misses you. Dowan hits you with a dagger.
* * * LOW HITPOINT WARNING * * *
Dowan gestures at Duvessa while chanting.
Duvessa seems to speed up.
The giant cockroach bites you but does no damage.
The giant cockroach completely misses you.
You open the door.
An orc priest comes into view.
Duvessa hits you with a short sword!
You die...

. #.. ###.. .....o
....... ..... ...
#######'####
........@e.#
........es.###
########.(...........#
......# #######.#....#
#####.# ##......#....#
#.....###.......#....#
#...#...........#....#
#......#........#....#
#....#.#.#.######....#


You could see Duvessa, Dowan, an orc priest (sleeping) and a giant cockroach.

Vanquished Creatures
  A worker ant (D:4)
  2 adders (D:3)
  A giant mite (D:5)
  A giant gecko (D:3)
  5 orcs
  A ball python (D:1)
  5 giant cockroaches
  4 hobgoblins
  4 jackals
  4 kobolds
  8 bats
  4 giant newts
  8 goblins
  5 rats
53 creatures vanquished.

Notes
Turn   | Place    | Note
--------------------------------------------------------------
     0 | D:1      | DevDT, the Demigod Warper, began the quest for the Orb.
     0 | D:1      | Reached XP level 1. HP: 17/17 MP: 3/3
   463 | D:1      | Reached XP level 2. HP: 21/24 MP: 4/4
  1278 | D:2      | Noticed Terence
  1292 | D:2      | Noticed Sigmund
  1348 | D:3      | Reached XP level 3. HP: 25/30 MP: 7/7
  2510 | D:4      | Reached skill level 3 in Fighting
  2758 | D:3      | Learned a level 2 spell: Blink
  2761 | D:3      | Learned a level 2 spell: Shroud of Golubria
  2838 | D:4      | Reached XP level 4. HP: 17/38 MP: 6/9
  2864 | D:5      | Entered Level 5 of the Dungeon
  3262 | D:5      | Noticed Duvessa
  3262 | D:5      | Noticed Dowan
  3340 | D:5      | Slain by Duvessa

Action                   |  1- 3 |  4- 6 || total
-------------------------+-------+-------++-------
Melee: Spear             |   272 |    19 ||   291
 Cast: Shroud of Golubri |     2 |     1 ||     3
       Blink             |     1 |     1 ||     2
 Stab: Sleeping          |     1 |       ||     1
  Eat: Chunk             |     5 |       ||     5
       Pizza             |     1 |       ||     1
